Map: Dusk Towers

Players

void

  • Race: Zerg Zerg
  • League: Master

Pokebunny - Winner!

  • Race: Terran Terran
  • League: Grandmaster

VOD

Have the link to the VOD?

Description

Time

  • Played on: April 5, 2016, 2:33 a.m.
  • Length: 9:47
Show
View Real Time Build Order
Export as new Build Order

void Zerg 

Build Orders: Hatch First, Zergling Baneling 

Get SALT Encoding   

  12  0:01  Drone  
  13  0:16  Overlord  
  13  0:18  Drone  
  14  0:35  Drone x2  
  16  0:38  Drone  
  17  0:54  Hatchery  
  17  0:57  Drone  
  17  0:59  Extractor  
  16  1:06  Drone  
  17  1:14  Spawning Pool  
  16  1:19  Drone  
  16  1:23  Drone  
  18  1:34  Drone  
  19  1:43  Overlord  
  19  2:01  Zergling x2  
  19  2:02  Queen  
  19  2:06  Zergling x2, Metabolic Boost  
  23  2:08  Queen  
  25  2:15  Drone x2  
  25  2:20  Zergling x2  
  28  2:27  Zergling x2  
  29  2:31  Zergling x2  
  30  2:38  Zergling x2  
  31  2:49  Baneling Nest  
  30  2:51  Zergling x2  
  30  2:52  Zergling x4  
  30  2:58  Overlord  
  33  3:01  Zergling x2  
  34  3:11  Zergling x4  
  36  3:20  Zergling x12  
  42  3:32  Baneling x7  
  42  3:33  Zergling x2  
  44  3:34  Zergling x2  
  43  4:07  Zergling x4  
  43  4:08  Zergling x2  
  43  4:10  Zergling x2  
  43  4:11  Zergling x2, Baneling x3  
  43  4:27  Zergling x4  
  43  4:28  Zergling x2  
  43  4:32  Baneling x2  
  43  4:33  Baneling x2  
  43  4:37  Overlord x3  
  41  4:50  Zergling x4  
  41  4:51  Zergling x2  
  41  4:52  Zergling x2  
  36  5:01  Zergling x4  
  36  5:04  Queen  
  37  5:07  Drone x2  
  37  5:08  Drone x4  
  41  5:14  Drone x2  
  41  5:25  Drone x2  
  42  5:34  Lair  
  42  5:35  Drone x2  
  44  5:38  Extractor  
  44  5:40  Extractor  
  44  5:42  Extractor  
  38  5:51  Drone x2  
  40  5:57  Drone  
  40  5:58  Drone x3  
  40  5:59  Drone x4  
  48  6:09  Zergling x2  
  49  6:13  Overlord  
  48  6:20  Zergling x2  
  48  6:23  Drone  
  50  6:31  Spire  
  49  6:35  Drone x4  
  53  6:45  Drone x2  
  53  6:46  Hatchery  
  54  6:53  Drone  
  54  6:54  Drone x3  
  57  6:58  Spore Crawler  
  57  6:59  Spore Crawler  
  55  7:08  Overlord  
  55  7:09  Overlord  
  55  7:20  Drone  
  55  7:21  Drone x5  
  61  7:23  Overlord  
  61  7:25  Overlord  
  61  7:26  Overseer  
  61  7:39  Extractor  
  61  7:40  Overlord  
  61  7:43  Extractor  
  59  7:48  Mutalisk x4  
  59  7:49  Mutalisk  
  69  7:52  Mutalisk  
  71  8:02  Mutalisk x3  
  71  8:04  Baneling  
  71  8:05  Baneling x2  
  75  8:06  Baneling  
  75  8:07  Baneling  
  75  8:10  Zergling x4  
  77  8:18  Mutalisk x2  
  77  8:19  Zergling x4  
  83  8:22  Zergling x2  
  83  8:26  Zergling x6  
  87  8:34  Zergling x2  
  80  8:35  Mutalisk  
  80  8:37  Mutalisk x2  
  80  8:39  Zergling x2  
  80  8:41  Zergling x2  
  84  8:45  Zergling x4  
  84  8:48  Mutalisk  
  84  8:50  Zergling x2  
  84  8:54  Mutalisk  
  79  9:03  Mutalisk  
  79  9:08  Zergling x4  
  81  9:14  Mutalisk  
  70  9:40  Hatchery  
Show
View Real Time Build Order
Export as new Build Order

Pokebunny Terran - Winner!

Build Orders: Command Center First (CC), Liberator Opening, MMM Bio 

Get SALT Encoding   

  12  0:01  SCV  
  13  0:13  SCV  
  14  0:17  Supply Depot  
  14  0:25  SCV  
  15  0:39  SCV  
  16  0:51  SCV  
  17  1:00  Command Center  
  17  1:04  SCV  
  18  1:13  Barracks  
  18  1:17  SCV  
  19  1:24  Refinery  
  19  1:29  SCV  
  19  1:32  Refinery  
  20  1:41  SCV  
  21  1:53  SCV  
  22  2:00  Marine  
  23  2:07  Orbital Command  
  23  2:12  Orbital Command  
  23  2:17  Factory  
  23  2:22  Barracks Reactor  
  23  2:29  Supply Depot  
  23  2:34  SCV  
  24  2:39  SCV  
  25  2:46  SCV  
  26  2:51  SCV  
  26  2:58  SCV  
  28  3:05  Starport, Barracks Tech Lab  
  28  3:07  Hellion x2  
  28  3:08  SCV  
  28  3:10  SCV  
  34  3:19  Barracks  
  34  3:20  Barracks  
  34  3:24  SCV x2  
  34  3:26  Liberator, Marine  
  37  3:29  Stimpack  
  37  3:38  Hellion x2  
  41  3:48  Supply Depot  
  43  3:51  SCV  
  44  4:02  Hellion  
  46  4:14  Hellion  
  46  4:18  Marine  
  38  4:32  Marine x2  
  38  4:35  Marine  
  38  4:38  Hellion  
  32  4:49  SCV x2  
  28  5:01  SCV  
  28  5:03  Hellion  
  28  5:11  SCV  
  28  5:13  SCV  
  25  5:23  SCV  
  25  5:24  Barracks Reactor  
  25  5:25  SCV  
  27  5:31  Barracks Reactor  
  27  5:42  Supply Depot  
  27  5:47  SCV x2  
  29  5:51  Marine  
  29  5:53  Combat Shields  
  30  5:58  Medivac  
  30  6:00  SCV  
  30  6:02  SCV  
  34  6:08  Marine  
  34  6:09  Marine x2  
  37  6:14  SCV  
  37  6:15  SCV  
  37  6:17  Marine x2  
  41  6:30  Starport Reactor  
  41  6:31  SCV x2  
  43  6:38  Marine x5  
  48  6:43  SCV  
  48  6:45  Supply Depot  
  48  6:46  SCV  
  50  6:56  Marine x4  
  54  7:06  SCV x2  
  56  7:08  Medivac  
  56  7:10  Medivac  
  56  7:14  Supply Depot  
  60  7:19  Marine x2  
  62  7:36  Marine  
  63  7:37  Marine x2  
  63  7:38  Marine  
  63  7:43  SCV x2  
  68  7:48  Marine  
  69  7:52  Supply Depot  
  69  8:04  Marine  
  70  8:12  Factory Tech Lab  
  70  8:14  Marine x4, Medivac  
  70  8:15  Supply Depot  
  66  8:35  Marine x3  
  68  8:44  Engineering Bay x2  
  62  8:57  Marine x2  
  62  8:58  Siege Tank, Marine x3  
  62  9:01  SCV x2  
  70  9:03  Refinery  
  69  9:30  SCV  
  69  9:31  SCV  
Tags
 
Add a new tag
Caveats
  • Supply blocks, unpowered buildings, or Contaminate may cause inaccurate times.
  • Supply counts are checked every 10 seconds.